 Dungeon Crawl Stone Soup version 0.30.0-5-g1a98f26d00 (webtiles) character file.

Game seed: 17933140298824637012

9 dialectric the Sneak (level 2, -3/26 HPs)
             Began as a Meteoran Delver on May 9, 2023.
             Slain by a hound (4 damage)
             ... on level 5 of the Dungeon.
             The game lasted 00:00:32 (125 turns).

dialectric the Sneak (Meteoran Delver)               Turns: 125, Time: 00:00:33

Health: -3/26      AC:  3    Str: 13    XL:     2   Next: 35%
Magic:  3/3        EV: 12    Int: 11    God:
Gold:   20         SH:  0    Dex: 15    Spells: 1/1 levels left

rFire   . . .        a - +0 short sword
rCold   . . .        (no shield)
rNeg    . . .        b - +0 leather armour
rPois   .            (no helmet)
rElec   .            (no cloak)
rCorr   .            (no gloves)
SInv    .            (no boots)
Will    .....        (no amulet)
Stlth   +            (no ring)
HPRegen 0.24/turn    (no ring)
MPRegen 0.08/turn

%: no passive effects
@: glowing
A: sense surroundings 1, otherworldly, glowing, explore regen
a: no special abilities


You were on level 5 of the Dungeon.
You visited 1 branch of the dungeon, and saw 1 of its levels.

You collected 20 gold pieces.

Inventory:

Hand Weapons
 a - a +0 short sword (weapon)
Armour
 b - a +0 leather armour (worn)
Wands
 g - a wand of digging (3)
Scrolls
 c - a scroll of fog
 d - a scroll of magic mapping
 h - a scroll of identify {unknown}
 j - a scroll of brand weapon {unknown}
Potions
 f - a potion of haste


   Skills:
 + Level 3.4 Fighting
 + Level 2.3 Short Blades
 + Level 0.2 Armour
 + Level 2.4 Dodging
 + Level 3.9 Stealth


You had one spell level left.
You didn't know any spells.
Your spell library was empty.

Dungeon Overview and Level Annotations

Branches:
Dungeon (5/15) Zot: 478
 Temple: D:4-7

Altars:
Ru


Innate Abilities, Weirdness & Mutations

You passively map a small area around you.
You are easily found by Zot.
You glow in the dark.
You regain HP and MP as you explore.


Message History

You hit the hound.
The hound is severely wounded.
The hound bites you.
You hit the hound but do no damage.
The hound is severely wounded.
The hound bites you but does no damage.
You closely miss the hound.
The hound is severely wounded.
The hound bites you. x2; The hound bites you but does no damage.
You closely miss the hound.
The hound is severely wounded.
The hound closely misses you. The hound bites you but does no damage.
You miss the hound.
The hound is severely wounded.
The hound bites you. The hound barely misses you. The hound misses you.
You hit the hound.
The hound is almost dead.
The hound barely misses you. The hound misses you. x2
Unknown command.
You hit the hound but do no damage.
The hound is almost dead.
The hound bites you but does no damage. The hound bites you.
* * * LOW HITPOINT WARNING * * *
You closely miss the hound.
The hound is almost dead.
The hound barely misses you. The hound bites you.
* * * LOW HITPOINT WARNING * * *
The hound bites you.
* * * LOW HITPOINT WARNING * * *
You completely miss the hound.
The hound is almost dead.
The hound bites you but does no damage. x3
You barely miss the hound.
The hound is almost dead.
The hound bites you but does no damage. The hound bites you.
* * * LOW HITPOINT WARNING * * *
You closely miss the hound.
The hound is almost dead.
The hound bites you.
You die...

, ............#
#######'#...#
#.......#...#
#..#.......#...# ,
#..#.......#...#
,#..#.......#...#
#..#.......#...#..# ,
#..#.[.....#h..#..# ,
#..+.......#@..#..#
+..##.#..###h..#..# *,
#....#.#.......#..#
#...#...#......#..####
,
#.(#.....#...........#
##.#.~~~.#.###.......#
, ..#~...~#...........#
,,
...#~._.~#......)....#
###.#~...~#..##.......#


You could see 2 hounds.

Vanquished Creatures
  An ufetubus (D:5)
  An orc (D:5)
  A quokka (D:5)
3 creatures vanquished.

Notes
Turn   | Place    | Note
-------+----------+-------------------------------------------
     0 | D:5      | dialectric the Meteoran Delver began the quest for the Orb.
     0 | D:5      | Reached XP level 1. HP: 19/19 MP: 2/2
    17 | D:5      | Found a sacrificial altar of Ru.
    79 | D:5      | Noticed a hound
    84 | D:5      | Reached XP level 2. HP: 18/26 MP: 3/3
    97 | D:5      | Noticed a hound
   124 | D:5      | HP: 1/26 [hound (2)]
   125 | D:5      | Slain by a hound

Illustrated notes

Levels and vault maps discovered:
D:5:      layout_basic, nicolae_ru_awakened_eye, minivault_5

Action                     || total
---------------------------++-------
  Melee: Short sword       ||    44
  Throw: Dart              ||     3
    Use: Potion            ||     1
         Scroll            ||     1
 Armour: Leather armour    ||    13
  Dodge: Dodged            ||    38
